 Dungeon Crawl Stone Soup version 0.31.0-32-g396128a36d (webtiles) character file.

Game seed: 6129678758122375957

32726 Mesmaeker13 the Warrior (level 14, -1/117 HPs)
             Began as a Djinni Hedge Wizard on Apr 12, 2024.
             Was a Follower of Ashenzari.
             Slain by a cane toad (20 damage)
             ... on level 5 of the Lair of Beasts.
             The game lasted 00:51:41 (17839 turns).

Mesmaeker13 the Warrior (Djinni Hedge Wizard)      Turns: 17839, Time: 00:51:42

Health: -1/117     AC:  7    Str:  9    XL:     14   Next: 4%
Gold:   642        EV: 17    Int: 27    God:    Ashenzari [*.....] SH:  0 Dex: 14

rFire   + + .        j - +1 whip (venom)
rCold   x . .        (no shield)
rNeg    . . .        G - +0 troll leather armour
rPois   ∞            i - +2 hat of the Astrological Dogma {Elem, Self} (curse)
rElec   +            g - +0 cloak
rCorr   +            L - +0 pair of gloves
SInv    .            (boots unavailable)
Will    ++...        M - amulet of the Sublime Sage {Regen+, Fort, Melee} (curse)
Stlth   ++           N - ring of resist corrosion
HPRegen 1.99/turn    d - ring of Ruzosog {*Slow rElec Will+ Int+7}
MPRegen 0.00/turn

%: slow self (1%), infuse magic (-2 HP)
@: forested, flying, slowed, studying Shields, very slow
A: sickness immunity, fire resistance 2, cold vulnerability 1, float, innate
caster, HP casting, extra vitality 1
a: Renounce Religion, Curse Item, Shatter the Chains


You were on level 5 of the Lair of Beasts.
You worshipped Ashenzari.
Ashenzari was aware of your devotion.
You visited 4 branches of the dungeon, and saw 18 of its levels.
You also visited: Sewer and Bailey.

You collected 1092 gold pieces.
You spent 450 gold pieces at shops.

Inventory:

Hand Weapons
 j - a +1 whip of venom (weapon)
 t - a +0 broad axe of freezing
 z - a -1 demon whip of venom
Missiles
 C - 3 curare-tipped darts
Armour
 g - a +0 cloak (worn)
 i - the cursed +2 hat of the Astrological Dogma (worn) {Elem, Self}
   (You found it on level 1 of the Dungeon)

   It has a curse which improves the following skills: Elements: Fire Magic, Ice
   Magic, Air Magic and Earth Magic.
   Introspection: Fighting and Spellcasting.
 u - a +2 robe of resistance
 B - the +1 leather armour "Weud" {rN++ Will+ Dex-4}
   (You found it on level 6 of the Dungeon)

   Dex-4:     It affects your dexterity (-4).
   rN++:      It greatly protects you from negative energy.
   Will+:     It increases your willpower.
 G - a +0 troll leather armour (worn)
 L - a +0 pair of gloves (worn)
Jewellery
 a - an amulet of reflection
 d - the ring of Ruzosog (right hand) {*Slow rElec Will+ Int+7}
   (You found it on level 2 of the Dungeon)

   [ring of willpower]

   Int+7:     It affects your intelligence (+7).
   rElec:     It insulates you from electricity.
   Will+:     It increases your willpower.
   *Slow:     It may slow you when you take damage.
 J - a ring of ice
 M - the cursed amulet of the Sublime Sage (around neck) {Regen+, Fort, Melee}
   (You bought it in a shop on level 10 of the Dungeon)

   [amulet of regeneration]

   Regen+:    It increases your rate of health regeneration.
   It has a curse which improves the following skills: Fortitude: Armour and
   Shields.
   Melee Combat: Short Blades, Long Blades, Axes, Maces & Flails, Polearms,
   Staves and Unarmed Combat.
 N - a ring of resist corrosion (left hand)
 S - a +6 ring of dexterity
Wands
 w - a wand of charming (11)
 Q - a wand of digging (2)
Scrolls
 e - 11 scrolls of teleportation
 h - 6 scrolls of identify
 k - 2 scrolls of vulnerability
 l - a scroll of poison
 o - 4 scrolls of enchant armour
 p - 5 scrolls of fog
 q - 7 scrolls of revelation
 v - a scroll of amnesia
 y - 2 scrolls of noise
 E - a scroll of brand weapon
 F - 4 scrolls of enchant weapon
 H - 2 scrolls of immolation
 I - a scroll of silence
 K - a scroll of torment
 O - a scroll of blinking
Potions
 b - a potion of lignification
 c - 3 potions of ambrosia
 f - 2 potions of mutation
 m - 6 potions of magic
 n - 5 potions of heal wounds
 r - a potion of resistance
 s - 5 potions of haste
 x - 2 potions of attraction
 D - a potion of enlightenment
 P - 2 potions of invisibility
 R - a potion of might


   Skills:
 + Level 15.8(16.5) Fighting
 - Level 12.1 Dodging
 - Level 1.5 Stealth
 + Level 12.9(13.6) Spellcasting
 + Level 12.9 Conjurations
 + Level 12.9 Hexes
 + Level 12.9 Summonings
 + Level 12.9 Necromancy
 + Level 12.9 Translocations
 + Level 12.9(13.6) Fire Magic
 + Level 12.9(13.6) Ice Magic
 + Level 12.9(13.6) Air Magic
 + Level 12.9(13.6) Earth Magic
 + Level 12.9 Alchemy


You knew the following spells:

 Your Spells              Type           Power      Damage    Failure   Level
a - Magic Dart            Conj           100%       1d8       1%          1
b - Slow                  Hex            100%       N/A       1%          1
c - Blink                 Tloc           100%       N/A       1%          2
d - Call Imp              Summ           100%       N/A       1%          2
e - Mephitic Cloud        Conj/Alch/Air  74%        N/A       1%          3
f - Shock                 Conj/Air       100%       1d9       1%          1
g - Ensorcelled Hibernat  Hex/Ice        100%       N/A       1%          2
h - Sigil of Binding      Hex            73%        N/A       1%          3
i - Petrify               Alch/Erth      74%        N/A       1%          4
j - Summon Mana Viper     Hex/Summ       73%        N/A       1%          5
k - Summon Forest         Summ/Tloc      36%        N/A       1%          5
Your spell library was empty.

Dungeon Overview and Level Annotations

Branches:
Dungeon (11/15)            Temple (1/1) D:4            Lair (5/5) D:9
  Swamp (1/4) Lair:3        Snake (0/4) Lair:3        Slime (0/5) Lair:4
  Sewer (visited)          Bailey (visited)
    Orc: D:9-12

Altars:
Ashenzari
Cheibriados
Dithmenos
Elyvilon
Fedhas
Gozag
Hepliaklqana
Makhleb
Nemelex Xobeh
Okawaru
Qazlal
Ru
Trog
Uskayaw
Wu Jian
Xom
Yredelemnul
Zin
The Shining One
Jiyva

Shops:
D:5 :   D:10 :(=[

Annotations:
D:3 2 transporters
D:9 exclusion: orange crystal statue


Innate Abilities, Weirdness & Mutations

You are immune to sickness and miasma.
You are immune to poison.
Your flesh is very heat resistant. (rF++)
You are vulnerable to cold. (rC-)
You float through the air rather than walking.
You learn spells naturally, not from books.
Your magical power is your life essence.
You have superior vitality. (+4 MHP)


Message History

Press: ? - help, Shift-Dir - straight line, f/p - skyshark
Aim: a skyshark (severely wounded, berserk, confused, 94% to hit)
The zap hits the skyshark!
The skyshark is severely wounded.
The skyshark seems less confused.
The skyshark bites you!! The skyshark barely misses you.
The skyshark tail-slaps you. The cane toad stings you!
The skyshark barely misses you.
The skyshark tail-slaps you but does no damage.
The skyshark tail-slaps you.
Casting: Shock (safe; 1% risk of failure)
Confirm with . or Enter, or press ? or * to list all spells.
Aiming: Shock (safe; 1% risk of failure)
Press: ? - help, Shift-Dir - straight line, f/p - skyshark
Aim: a skyshark (severely wounded, berserk, 81% to hit)
The zap misses the skyshark.
The skyshark is no longer berserk.
The cane toad stings you.
You feel yourself slow down. The skyshark bites you!
The skyshark misses you. x2; The cane toad barely misses you.
Unknown command.
Casting: Shock (safe; 1% risk of failure)
Confirm with . or Enter, or press ? or * to list all spells.
Aiming: Shock (safe; 1% risk of failure)
Press: ? - help, Shift-Dir - straight line, f/p - skyshark
Aim: a skyshark (severely wounded, slow, 81% to hit)
The zap hits the skyshark.
The skyshark is almost dead.
The cane toad stings you!! The skyshark bites you!
* * * LOW HITPOINT WARNING * * *
The skyshark closely misses you. The skyshark completely misses you.
Casting: Shock (safe; 1% risk of failure)
Confirm with . or Enter, or press ? or * to list all spells.
Aiming: Shock (safe; 1% risk of failure)
Press: ? - help, Shift-Dir - straight line, f/p - skyshark
Aim: a skyshark (almost dead, slow, 81% to hit)
The zap hits the skyshark but does no damage.
The skyshark is almost dead.
* * * LOW HITPOINT WARNING * * *
The cane toad stings you!
* * * LOW HITPOINT WARNING * * *
The cane toad stings you!!
You die...

......................÷.
.......####...♣.~~...#<<
......# #♣#♣..~~~~....†.
P...... #.#...~~~~..#...
(...... ##....~~~P.÷#♣#♣
....P..#♣.....~~.....# ♣
.#.. #♣...............
...P.#..F.♣.....P.....
.......@.♣.♣.R.÷.P....
........F.....#.......
.....♣...♣°§.##.......
#..##♣♣♣#♣#.♣# ♣#.P..
... .♣.. ♣.÷. #. ♣# ...
♣.. ..... ....# .##


You could see a skyshark (slow) and a cane toad.

Vanquished Creatures
  A two-headed ogre (D:11)
  Nergalle (Lair:1)
  Pikel (D:8)
  3 elephants (Lair:5)
  2 black mambas
  Jeremiah (D:6)
  A torpor snail (Lair:2)
  3 cane toads
  An orange demon (D:9)
  3 komodo dragons
  A troll (D:9)
  A hornet (D:9)
  Grinder (D:3)
  4 blink frogs
  5 dream sheep (Lair:4)
  20 yaks
  A shadow (D:10)
  3 wyverns
  A wraith (D:10)
  3 basilisks
  Grum (D:9)
  An acid dragon (D:8)
  5 water moccasins
  12 orc warriors
  2 black bears
  An ogre (D:6)
  2 wolves (D:9)
  10 centaurs
  3 lemures (D:8)
  A gnoll sergeant (D:10)
  9 bullfrogs
  4 scorpions
  A water moccasin zombie (D:3)
  15 wights
  6 killer bees (D:8)
  3 howler monkeys (D:9)
  4 electric eels (Lair:1)
  A bombardier beetle (D:5)
  A gnoll bouda (D:9)
  4 hounds
  3 jellies
  4 orc priests
  Jessica (D:2)
  2 sleepcaps
  4 iguanas
  6 orc wizards
  7 hell rats (Lair:4)
  9 gnolls
  9 adders
  2 ufetubi (D:6)
  An adder zombie (D:3)
  3 ribbon worms
  3 dart slugs
  48 orcs
  11 ball pythons
  4 bats
  8 endoplasms
  8 giant cockroaches
  4 goblins
  11 hobgoblins
  3 jackals (D:1)
  16 kobolds
  3 quokkas
  3 frilled lizards (D:1)
  11 rats
  A snaplasher vine (Lair:5)
328 creatures vanquished.

Vanquished Creatures (collateral kills)
  A hydra (Lair:3)
  Amaemon (D:9)
  An ugly thing (D:11)
  7 elephants (Lair:5)
  A will-o-the-wisp (Lair:3)
  6 black mambas
  5 cane toads
  An unseen horror (D:11)
  4 komodo dragons (Lair:5)
  3 polar bears
  3 blink frogs
  2 slime creatures (Lair:4)
  2 vampires (D:11)
  A shadow (D:11)
  5 wyverns
  9 yaks
  4 water moccasins
  2 black bears
  An ogre (D:4)
  A lemure (D:8)
  6 bullfrogs
  A gnoll sergeant (D:7)
  2 wights
  An orc priest (D:6)
  A hound (D:5)
  A sleepcap (D:6)
  A scorpion zombie (D:3)
  2 orc wizards
  A hound zombie (D:3)
  5 gnolls
  2 adders
  2 ribbon worms (D:2)
  5 orcs
  A kobold (D:4)
  A rat (D:2)
92 creatures vanquished.

Vanquished Creatures (others)
  8 foxfires (Lair:3)
8 creatures vanquished.

Grand Total: 428 creatures vanquished

Notes
Turn   | Place    | Note
-------+----------+-------------------------------------------
     0 | D:1      | Mesmaeker13 the Djinni Hedge Wizard began the quest for the
                  | Orb.
     0 | D:1      | Mesmaeker13 set off with the following spells memorised:
                  | Magic Dart, Slow, Blink, Call Imp, Mephitic Cloud.
     0 | D:1      | Reached XP level 1. HP: 15/15 MP: 0/0
   322 | D:1      | Reached XP level 2. HP: 19/21 MP: 0/0
   713 | D:1      | Reached XP level 3. HP: 21/25 MP: 0/0
   713 | D:1      | Learned a level 1 spell: Shock
  1063 | D:2      | Reached XP level 4. HP: 20/31 MP: 0/0
  1397 | D:2      | Noticed Jessica
  1401 | D:2      | Killed Jessica
  1402 | D:2      | Reached XP level 5. HP: 23/35 MP: 0/0
  1402 | D:2      | Learned a level 2 spell: Ensorcelled Hibernation
  1528 | D:2      | Identified the ring of Ruzosog {*Slow rElec Will+ Int+7}
  1697 | D:2      | You are sucked into a shaft and drop 2 floors!
  1936 | D:4      | Found a glowing drain.
  1940 | D:4      | Noticed an ogre
  1953 | D:4      | Killed an ogre
  1954 | D:4      | Reached skill level 5 in Dodging
  1954 | D:4      | Reached XP level 6. HP: 33/40 MP: 0/0
  1971 | Sewer    | Entered a sewer
  2440 | D:4      | Found a staircase to the Ecumenical Temple.
  2451 | Temple   | Entered the Ecumenical Temple
  3053 | D:3      | Noticed Grinder
  3081 | D:3      | Killed Grinder
  3082 | D:3      | Reached skill level 5 in Spellcasting
  3082 | D:3      | Reached skill level 5 in Conjurations
  3082 | D:3      | Reached skill level 5 in Hexes
  3082 | D:3      | Reached skill level 5 in Summonings
  3082 | D:3      | Reached skill level 5 in Necromancy
  3082 | D:3      | Reached skill level 5 in Translocations
  3082 | D:3      | Reached skill level 5 in Fire Magic
  3082 | D:3      | Reached skill level 5 in Ice Magic
  3082 | D:3      | Reached skill level 5 in Air Magic
  3082 | D:3      | Reached skill level 5 in Earth Magic
  3082 | D:3      | Reached skill level 5 in Alchemy
  3082 | D:3      | Reached XP level 7. HP: 28/45 MP: 0/0
  3082 | D:3      | Learned a level 3 spell: Sigil of Binding
  3304 | D:3      | Found a basalt altar of Yredelemnul.
  3488 | D:3      | Found a transporter.
  3591 | D:3      | Found a transporter.
  4335 | D:5      | Entered Level 5 of the Dungeon
  4497 | D:5      | Reached XP level 8. HP: 47/50 MP: 0/0
  4833 | D:5      | Found a shimmering altar of Xom.
  4838 | D:5      | Found a shadowy altar of Dithmenos.
  4858 | D:5      | Found a snail-covered altar of Cheibriados.
  4858 | D:5      | Found an opulent altar of Gozag.
  4922 | D:5      | Found Jimu's Book Shop.
  5883 | D:6      | Reached XP level 9. HP: 28/55 MP: 0/0
  5883 | D:6      | Learned a level 4 spell: Petrify
  6113 | D:6      | Identified the +1 leather armour "Weud" {rN++ Will+ Dex-4}
  6685 | D:6      | Noticed Jeremiah
  6713 | D:6      | Killed Jeremiah
  6940 | D:6      | Found a glowing golden altar of the Shining One.
  7358 | D:7      | Found a sacrificial altar of Ru.
  7402 | D:7      | Reached skill level 10 in Dodging
  7719 | D:7      | Found an ornate altar of the Wu Jian Council.
  8091 | D:8      | Reached XP level 10. HP: 55/60 MP: 0/0
  8428 | D:8      | Found a flagged portal.
  8462 | Bailey   | Entered a bailey
  9528 | Bailey   | Reached skill level 1 in Fighting
  9696 | D:8      | Reached skill level 2 in Fighting
  9816 | D:8      | Identified the +3 sling of Xuemu {antimagic, SInv}
  9880 | D:8      | Found a broken altar of Ashenzari.
  9889 | D:8      | Became a worshipper of Ashenzari the Shackled
 10055 | D:9      | Noticed Pikel
 10112 | D:8      | Reached skill level 3 in Fighting
 10271 | D:8      | Killed Pikel
 10272 | D:8      | Reached skill level 4 in Fighting
 10272 | D:8      | Reached XP level 11. HP: 27/74 MP: 0/0
 10272 | D:8      | Learned a level 5 spell: Summon Mana Viper
 10553 | D:9      | Noticed Amaemon
 10763 | D:9      | Noticed Grum
 10777 | D:9      | Noticed an orange crystal statue
 10778 | D:9      | Reached skill level 5 in Fighting
 10781 | D:9      | Killed Grum
 10795 | D:9      | Killed Amaemon
 10796 | D:9      | Reached skill level 6 in Fighting
 10805 | D:9      | Reached skill level 7 in Fighting
 11011 | D:9      | Found a staircase to the Lair.
 11224 | D:9      | Reached skill level 8 in Fighting
 11586 | D:10     | Entered Level 10 of the Dungeon
 11716 | D:10     | Found Verizxeo's Weapon Shop.
 11849 | D:10     | Found Temmanax's Armour Emporium.
 11936 | D:10     | Found Siusam's Jewellery Emporium.
 11944 | D:10     | Bought an amulet of regeneration for 450 gold pieces
 12123 | D:10     | Found Oqiygy's Book Boutique.
 12207 | D:10     | Reached * piety under Ashenzari
 12497 | D:11     | Noticed a red ugly thing
 12526 | D:11     | Killed a red ugly thing
 12527 | D:11     | Reached skill level 9 in Fighting
 12527 | D:11     | Reached skill level 10 in Spellcasting
 12527 | D:11     | Reached skill level 10 in Conjurations
 12527 | D:11     | Reached skill level 10 in Hexes
 12527 | D:11     | Reached skill level 10 in Summonings
 12527 | D:11     | Reached skill level 10 in Necromancy
 12527 | D:11     | Reached skill level 10 in Translocations
 12527 | D:11     | Reached skill level 10 in Fire Magic
 12527 | D:11     | Reached skill level 10 in Ice Magic
 12527 | D:11     | Reached skill level 10 in Air Magic
 12527 | D:11     | Reached skill level 10 in Earth Magic
 12527 | D:11     | Reached skill level 10 in Alchemy
 12920 | D:11     | Noticed a two-headed ogre
 12936 | D:11     | Killed a two-headed ogre
 12937 | D:11     | Reached skill level 10 in Fighting
 13334 | Lair:1   | Entered Level 1 of the Lair of Beasts
 13565 | Lair:1   | Reached XP level 12. HP: 91/94 MP: 0/0
 13673 | Lair:1   | Noticed Nergalle
 13686 | Lair:1   | Killed Nergalle
 13687 | Lair:1   | Reached skill level 11 in Fighting
 13966 | Lair:1   | Reached skill level 12 in Fighting
 14510 | Lair:2   | Reached skill level 13 in Fighting
 15349 | Lair:3   | Reached skill level 14 in Fighting
 15355 | Lair:3   | Reached XP level 13. HP: 84/106 MP: 0/0
 15355 | Lair:3   | Learned a level 5 spell: Summon Forest
 15379 | Lair:3   | Found a staircase to the Swamp.
 15594 | Lair:3   | Found a staircase to the Snake Pit.
 15681 | Lair:3   | Noticed an eight-headed hydra
 15699 | Lair:3   | Killed an eight-headed hydra
 16220 | Swamp:1  | Entered Level 1 of the Swamp
 16220 | Swamp:1  | Noticed an alligator
 16626 | Lair:4   | Found a viscous altar of Jiyva.
 16626 | Lair:4   | Found a staircase to the Slime Pits.
 16811 | Lair:4   | Reached skill level 15 in Fighting
 17492 | Lair:5   | Entered Level 5 of the Lair of Beasts
 17764 | Lair:5   | Reached XP level 14. HP: 75/117 MP: 0/0
 17839 | Lair:5   | Slain by a cane toad

Illustrated notes

Levels and vault maps discovered:
D:1:      roderic_octagonal_star, layout_basic, serial_park_tiny_1,
          chequers_serial_rivers_micro_b
D:2:      layout_loops_ring, serial_bayou_crossing, uniq_jessica
D:3:      gammafunk_wand_slinger, layout_loops_ring,
          nicolae_yredelemnul_corpse_copse, uniq_grinder
D:4:      layout_loops_cross, temple_hall, cheibrodos_sewer_entry_drain,
          uniq_crazy_yiuf_cottage
D:5:      layout_basic, grunt_temple_overflow_open, serial_shops,
          nicolae_shop_back_alley_shop, grunt_ministairs_3,
          minmay_misc_feat_chi, solitary_fountain, minmay_misc_feat_iff
D:6:      layout_basic, tso_altar, uniq_jeremiah
D:7:      layout_loops_ring, nzn_wu_jian_contemplation,
          nicolae_ru_great_annihilating_truth, minmay_misc_feat_x
D:8:      nicolae_cairo_tiling_large_dashed, layout_rooms,
          lemuel_coloured_pillars_altar, enter_bailey_4
D:9:      layout_big_octagon, lair_entry_dummy, serial_glass, glass_columns_a,
          glass_columns_b, minivault_16, uniq_pikel, uniq_grum, uniq_amaemon
D:10:     layout_grid_maze, serial_shops, nicolae_shop_statue_plus, shop,
          kennysheep_mini, shop
D:11:     layout_stronghold
Temple:   nicolae_temple_bog_church
Lair:1:   layout_loops_ring, grunt_megastairs_5, infiniplex_staircase_pool_2,
          serial_bayou_shore_a, uniq_nergalle
Lair:2:   layout_chaotic_city, minmay_hedge_maze, lemuel_fruit_tree,
          serial_bayou_shore_b, serial_bayou_shore_b
Lair:3:   layout_regular_city, minmay_swamp_entry_wisps, dummy_snake_entry
Lair:4:   layout_small_grid, minmay_slime_entry_pillars, beast_lair_carwin_11
Lair:5:   grunt_lair_end_beastmaster, layout_misc_corridors
Swamp:1:  layout_basic_swamp, evilmike_swamp_ruin_house_2

Skill      XL: |  1  2  3  4  5  6  7  8  9 10 11 12 13 |
---------------+----------------------------------------+-----
Dodging        | 3 4 5 6 8 10 12 | 12.1
Spellcasting   | 4 5 6 7 9 10 11 12 | 12.9
Conjurations   | 4 5 6 7 9 10 11 12 | 12.9
Hexes          | 4 5 6 7 9 10 11 12 | 12.9
Summonings     | 4 5 6 7 9 10 11 12 | 12.9
Necromancy     | 4 5 6 7 9 10 11 12 | 12.9
Translocations | 4 5 6 7 9 10 11 12 | 12.9
Fire Magic     | 4 5 6 7 9 10 11 12 | 12.9
Ice Magic      | 4 5 6 7 9 10 11 12 | 12.9
Air Magic      | 4 5 6 7 9 10 11 12 | 12.9
Earth Magic    | 4 5 6 7 9 10 11 12 | 12.9
Alchemy        | 4 5 6 7 9 10 11 12 | 12.9
Fighting       | 4 10 14 15 | 15.8
Stealth        | |  1.5

Action                     |  1- 3 |  4- 6 |  7- 9 | 10-12 | 13-15 || total
---------------------------+-------+-------+-------+-------+-------++-------
  Melee: Dagger            |     4 |       |       |       |       ||     4
         Short sword       |       |     2 |       |       |       ||     2
         Whip              |       |     4 |   151 |   280 |   207 ||   642
         Punch             |       |       |     3 |     8 |     4 ||    15
   Cast: Magic Dart        |    81 |   134 |   205 |   276 |    72 ||   768
         Call Imp          |     4 |    14 |    19 |    22 |    10 ||    69
         Blink             |     1 |       |       |       |       ||     1
         Shock             |       |     2 |    14 |    99 |    20 ||   135
         Mephitic Cloud    |       |     2 |    18 |    56 |    12 ||    88
         Slow              |       |     2 |       |       |       ||     2
         Sigil of Binding  |       |       |     2 |       |       ||     2
         Petrify           |       |       |     1 |       |       ||     1
         Summon Mana Viper |       |       |       |    15 |    14 ||    29
         Ensorcelled Hiber |       |       |       |     4 |       ||     4
         Summon Forest     |       |       |       |       |    10 ||    10
 Invoke: Curse Item        |       |       |       |     2 |       ||     2
  Evoke: Wand              |       |       |     3 |    16 |     1 ||    20
    Use: Scroll            |       |     3 |     2 |     3 |     1 ||     9
   Stab: Distracted        |     1 |       |     1 |     4 |     6 ||    12
         Confused          |       |       |     6 |    17 |     7 ||    30
         Petrified         |       |       |     9 |       |       ||     9
         Petrifying        |       |       |     2 |       |       ||     2
         Invisible         |       |       |       |     1 |       ||     1
         Sleeping          |       |       |       |     1 |       ||     1
 Armour: Robe              |     9 |    20 |    78 |    80 |       ||   187
         Troll leather arm |       |       |       |   135 |   170 ||   305
  Dodge: Dodged            |    10 |    28 |   114 |   336 |   243 ||   731
  Block: Other             |       |     6 |    30 |    60 |       ||    96
         Reflection        |       |       |     2 |     1 |       ||     3
